[Event "GER-ch Youth-U16 2022"]
[Site "Willingen"]
[Date "2022.06.08"]
[Round "5.7"]
[White "Hommer, Jeremy"]
[Black "Bungarten, Jona"]
[Result "1/2-1/2"]
[ECO "C47"]
[WhiteElo "2152"]
[BlackElo "1843"]
[Annotator "TA"]
[PlyCount "55"]
[EventDate "2022.06.05"]
[EventType "swiss"]
[EventRounds "9"]
[EventCountry "GER"]
[SourceTitle "playchess.com"]
[Source "ChessBase"]
[SourceQuality "1"]
[TimeControl "40/4500+30:900+30"]

1. e4 e5 2. Nf3 Nc6 3. Nc3 Nf6 4. d4 exd4 5. Nxd4 Bb4 6. Nxc6 bxc6 7. Bd3 d5 8. Bd2 O-O 9. O-O Re8 {[%emt 0:00:00] [#] C47: Scotch Four Knights and Four Knights with 4 g3.} 10. Nxd5 $1 Nxd5 11. exd5 Bxd2 12. Qxd2 cxd5 13. Rfe1 {[%emt 0:00:00] [#]} Re6 $146 ({Predecessor:} 13... Rxe1+ 14. Rxe1 Be6 15. b4 c5 16. bxc5 Rc8 17. Qb4 Qc7 18. f4 a5 19. Qd4 Qxc5 20. Qxc5 Rxc5 {1-0 (35) Harika,D (2517)-Tregubov,P (2541) Chess.com INT 2022}) 14. b4 Qd6 15. Rad1 Bd7 16. Rxe6 Bxe6 17. Be2 Rd8 18. Qd4 Qb6 19. Bf3 (19. b5 {is interesting.} Re8 20. h3 g6 21. c4) 19... Qxd4 20. Rxd4 $11 {[%emt 0:00:01][%mdl 4096] Endgame KRB-KRB} Rd6 21. b5 {[%emt 0:03:32] Hoping for Ra4.} Kf8 22. Kf1 (22. Ra4 $5 ) 22... a6 {[%emt 0:03:43] The position is equal.} 23. a4 axb5 24. axb5 Ke7 25. Ke2 Rb6 26. Bxd5 {[%emt 0:02:00] Threatens to win with Bc6.} Rxb5 27. Bxe6 Kxe6 28. Kd3 {[%emt 0:06:07] An even fight not without its subleties.  Weighted Error Value: White=0.06 (flawless) /Black=0.06 (flawless)} 1/2-1/2

[Event "GER-ch Youth-U16 2022"]
[Site "Willingen"]
[Date "2022.06.08"]
[Round "5.8"]
[White "Bui, Bao Anh Le"]
[Black "Heinrich, John"]
[Result "1-0"]
[ECO "B31"]
[WhiteElo "2127"]
[BlackElo "2011"]
[Annotator "TA"]
[PlyCount "77"]
[EventDate "2022.06.05"]
[EventType "swiss"]
[EventRounds "9"]
[EventCountry "GER"]
[SourceTitle "playchess.com"]
[Source "ChessBase"]
[SourceQuality "1"]
[TimeControl "40/4500+30:900+30"]

1. e4 c5 2. Nf3 Nc6 3. Bb5 g6 4. O-O Bg7 5. c3 Nf6 6. Re1 O-O 7. d4 cxd4 8. cxd4 d5 9. e5 Ne4 10. Nc3 Bf5 11. Nh4 Nxc3 12. bxc3 Be6 {[%emt 0:07:39] B31: Sicilian: 2...Nc6 3 Bb5 g6.} 13. Bxc6 bxc6 14. Ba3 Qd7 {[%emt 0:02:12] White is slightly better.} 15. Qa4 {[%emt 0:10:33] [#]} Bh6 $146 ({Predecessor:} 15... Rfb8 16. Rab1 Bh6 17. Rb3 Qc7 18. Reb1 Bf8 19. Bc5 g5 20. Nf3 Bf5 21. Rxb8 Rxb8 22. Rxb8 Qxb8 {½-½ (30) Sorokin,A (2110)-Ilenko,A (2014) Novokuznetsk 2012}) 16. Qc2 Rfb8 17. g3 Rb5 18. f4 g5 19. fxg5 Bxg5 20. Nf3 Bf5 21. Qe2 Bh6 22. Nh4 {[%emt 0:01:30] Hoping for Qh5.} Be4 23. Rf1 (23. Qh5 $5 Bf8 24. c4 $11 (24. Rf1 Qe6 $11)) 23... Qe6 24. Rf2 (24. g4 $11) 24... Rab8 $15 25. Raf1 Rb1 26. Bb4 (26. g4 $142) 26... Rxf1+ ({Black should try} 26... Bc1 $1 $17 {[%cal Oa7a5] ...a5! is the strong threat.} 27. Nf5 Bxf5 28. Rxf5 {[#]} Be3+ $1 29. Kg2 Rxf1 30. Qxf1 Bxd4 $1 31. Rg5+ Kh8) 27. Rxf1 $11 Kh8 28. Ng2 f5 29. exf6 exf6 30. Qf2 Kg7 31. Nh4 Re8 {[%emt 0:01:48] Threatens to win with ...Bd3.} (31... Bg5 $5 32. Ng2 Qh3 $11) 32. Re1 {[%emt 0:00:30][%cal Oh4f5] And now Nf5+! would win.} Qg4 {[%emt 0:00:38] Prevents Nf5+.} 33. Nf5+ $1 Bxf5 $4 {[%emt 0:01:17][%mdl 8192] This costs Black the game.} (33... Kg6 $1 $11 34. Nxh6 Qh5) 34. Rxe8 $18 Be4 $2 (34... a5 {is a better chance.} 35. Qe1 (35. Bxa5 Be4 $11) 35... Bg5) 35. Bf8+ Kf7 {[%emt 0:01:18] ( -> ...Qd1+)} 36. Re7+ ({And not} 36. Bxh6 Kxe8 37. Qxf6 Qd1+ 38. Kf2 Qc2+ 39. Ke1 Qb1+ 40. Kf2 Qc2+ 41. Ke3 Qc1+ 42. Kf2 Qc2+ $11) 36... Kg6 37. Bxh6 {[%emt 0:00:09] Rg7+ would kill now.} Kxh6 38. Qxf6+ Bg6 39. Qf4+ {[%emt 0:00:03] Weighted Error Value: White=0.13 (very precise) /Black=0.71} (39. Re5 $142 Qd1+ 40. Kg2 Qe2+ 41. Rxe2 a5 42. Re5 a4 43. Qf8#) 1-0

[Event "GER-ch Youth-U16 2022"]
[Site "Willingen"]
[Date "2022.06.08"]
[Round "5.9"]
[White "Spriestersbach, Kai"]
[Black "Metzdorf, Matteo"]
[Result "0-1"]
[ECO "C11"]
[WhiteElo "1948"]
[BlackElo "2009"]
[Annotator "TA"]
[PlyCount "78"]
[EventDate "2022.06.05"]
[EventType "swiss"]
[EventRounds "9"]
[EventCountry "GER"]
[SourceTitle "playchess.com"]
[Source "ChessBase"]
[SourceQuality "1"]
[TimeControl "40/4500+30:900+30"]

1. e4 e6 2. d4 d5 3. Nc3 Nf6 4. e5 Nfd7 5. f4 c5 6. Nf3 Nc6 7. Be3 Be7 8. dxc5 {[%emt 0:00:00] C11: French: Classical System: 4 e5 and 4 Bg5 dxe4.} Nxc5 9. Qd2 O-O 10. O-O-O {[%emt 0:00:00] The position is equal.} b6 11. Nd4 Bb7 12. Kb1 Rc8 {[%emt 0:23:51] [#]} 13. g3 $146 ({Predecessor:} 13. g4 Nxd4 14. Bxd4 Ne4 15. Nxe4 dxe4 16. Bg2 Qc7 17. Qc3 Rfd8 18. Qxc7 Rxc7 19. Be3 Rxd1+ 20. Rxd1 {½-½ (42) Kravtsiv,M (2625)-Korobov,A (2685) Kiev 2021}) 13... a6 14. Bd3 b5 15. Nxc6 Bxc6 16. Bd4 (16. Bxc5 $5 Bxc5 17. Rhf1 $15) 16... b4 17. Ne2 Ne4 (17... Nxd3 $15 18. cxd3 (18. Qxd3 Bb5 $15) 18... Qd7) 18. Qe3 $11 Qc7 19. g4 Ba4 (19... Bh4 $11 {is superior.}) 20. Rc1 $14 (20. b3 Bc6 $11) 20... Bc5 (20... Qd7 $14) 21. Bxc5 ({Don't play} 21. Bxa6 $6 Ra8 22. Bd3 Bxd4 23. Nxd4 Qa7 $11) (21. Bxe4 dxe4 22. b3 (22. Qxe4 $2 Bc6 $19) 22... Bxd4 23. Nxd4 Bc6 $14) ({White should try} 21. c4 $16 {Black must now prevent cxd5.} Qb6 22. Bxe4 Bxd4 23. Qxd4 (23. Nxd4 dxe4 24. b3 Bc6 $16) 23... Qxd4 24. Nxd4 dxe4 25. Rhe1) 21... Qxc5 22. Qxc5 (22. Nd4 {feels hotter.} Rfd8 23. Rcd1 Bb5 24. Bxe4 dxe4 25. Qxe4 Ba4 26. Nb3) 22... Rxc5 23. Bxe4 dxe4 24. c3 bxc3 25. Nxc3 Bc6 26. Rhe1 f5 27. Ne2 (27. exf6 $1 $11 {keeps the balance.} Rxf6 28. h3 (28. Nxe4 Rxc1+ 29. Kxc1 Rxf4 $11)) 27... Rxc1+ $17 28. Rxc1 {[%emt 0:00:11][%mdl 4096] Endgame KRB-KRN} Bb5 29. Nd4 Bd3+ 30. Ka1 fxg4 31. Nxe6 {[%emt 0:00:11] [#]} Re8 32. Nc5 {[%emt 0:00:51] [#]} g5 $1 33. Nd7 $2 {[%emt 0:03:22][%mdl 8192] White does not recover from this.} (33. fxg5 $17 Rxe5 34. b4) 33... gxf4 $19 {[%emt 0:01:06] Threatens to win with ...Kf7.} 34. Nf6+ Kf7 35. Nxe8 Kxe8 36. Rc8+ Ke7 {[%emt 0:00:39] Hoping for ...e3.} 37. Rc6 f3 {[%emt 0:00:42] ( -> ...f2)} 38. Rf6 e3 39. h3 e2 {[%emt 0:00:06] Weighted Error Value: White=0.92/Black=0.12 (very precise)} 0-1

[Event "GER-ch Youth-U16 2022"]
[Site "Willingen"]
[Date "2022.06.08"]
[Round "5.10"]
[White "Rempe, Jonas"]
[Black "Albert, Markus"]
[Result "1-0"]
[ECO "C63"]
[WhiteElo "1856"]
[BlackElo "2053"]
[Annotator "TA"]
[PlyCount "83"]
[EventDate "2022.06.05"]
[EventType "swiss"]
[EventRounds "9"]
[EventCountry "GER"]
[SourceTitle "playchess.com"]
[Source "ChessBase"]
[SourceQuality "1"]
[TimeControl "40/4500+30:900+30"]

1. e4 e5 2. Nf3 Nc6 3. Bb5 f5 4. d4 fxe4 5. Nxe5 Nxe5 6. dxe5 c6 7. Bc4 Qa5+ 8. Nc3 Qxe5 9. Be3 {[%emt 0:03:22] C63: Ruy Lopez: Schliemann/Jaenisch Defence.} (9. Bxg8 $142 Rxg8 10. Be3) 9... d5 $17 10. Bb3 Nf6 11. Qd2 {[%emt 0:02:44] [#] Black is clearly better.} Be7 $146 ({Predecessor:} 11... Bb4 12. Bd4 Qh5 13. a3 Bd6 14. Bxf6 gxf6 15. Nxe4 Be5 16. Ng3 Bxg3 17. fxg3 Qe5+ {0-1 (47) Deulonder Camins,X (1945)-Canal Oliveras,J (2205) Santa Eulalia de Roncana 2017}) 12. O-O-O O-O 13. Rhe1 Kh8 14. f3 {[%emt 0:09:37] Inhibits Ng4.} Bb4 15. Bd4 Qh5 16. g4 Qg6 (16... Qh4 $17 17. g5 Nh5) 17. g5 $2 (17. h4 $1 $15 exf3 18. h5) 17... Nh5 $19 18. fxe4 Bg4 19. exd5 Bxd1 20. Rxd1 Rad8 (20... Nf4 $142 $1 21. h4 Rae8) 21. a3 $17 Bd6 (21... Bxc3 $17 22. Bxc3 cxd5) 22. Kb1 $1 $15 c5 $1 ({Of course not} 22... Bf4 $6 23. Qg2 $11) 23. Be3 {[%emt 0:01:18] [#]} a6 ({Black should try} 23... b6 $1 $17) 24. Na4 $1 $11 c4 25. Bxc4 Bf4 (25... b5 $11 26. Bd3 Qf7) 26. Nc5 $36 {[%emt 0:02:16][%mdl 2048] Threatens to win with Ne6. Keeping Black busy.} Rc8 {[%emt 0:01:59] Strongly threatening ...Rxc5.} 27. Ne6 Bxe3 28. Qxe3 {[%emt 0:00:02] Chess con chili.} ({Worse is} 28. Nxf8 Qxg5 29. Qe2 (29. h4 $2 Qf4 $19) 29... Rxf8 $15) 28... Rg8 (28... Rxc4 29. Nxf8 Qxc2+ 30. Ka2 Rc8) 29. Bd3 $18 {[%emt 0:00:34] Active counter play!} Qf7 30. Rf1 Qe7 31. Qe4 g6 32. Qe5+ Ng7 33. Rf3 {[%emt 0:00:21][%cal Od3g6] Bxg6! is the strong threat.} Rgf8 34. Re3 $2 (34. Rf6 {Black must now prevent d6.} Rfe8 35. h4) 34... Kg8 (34... Rfe8 {might work better.} 35. Bf1 Kg8) 35. d6 $2 (35. Nxf8 $18 Qxe5 36. Rxe5 Kxf8 37. c4) 35... Qxe6 $11 36. Qxe6+ Nxe6 37. Rxe6 {[%emt 0:00:01] aiming for d7. KRR-KRB} Rfd8 {[%emt 0:00:53] [#]} (37... Rce8 $11 {and Black stays safe.} 38. Rxe8 Rxe8) 38. Be4 $1 $18 Rd7 (38... Rc5 {was necessary.}) 39. c4 Rxc4 $2 (39... b5 40. Bd5 Kf8 41. cxb5 axb5) 40. Bd5 $1 {[%emt 0:00:08][%csl LRc4,LRg6] White wants to mate with Re8+.} Rd4 41. Re8+ {[%emt 0:15:18][%mdl 64] Discovered Attack (Double check)} Kg7 42. Rg8# {[%emt 0:00:02] Weighted Error Value: White=0.52/Black=0.76} 1-0

[Event "GER-ch Youth-U16 2022"]
[Site "Willingen"]
[Date "2022.06.08"]
[Round "5.11"]
[White "Lerchl, Clemens"]
[Black "Stork, Christopher"]
[Result "0-1"]
[ECO "B33"]
[WhiteElo "1843"]
[BlackElo "1994"]
[Annotator "TA"]
[PlyCount "106"]
[EventDate "2022.06.05"]
[EventType "swiss"]
[EventRounds "9"]
[EventCountry "GER"]
[SourceTitle "playchess.com"]
[Source "ChessBase"]
[SourceQuality "1"]
[TimeControl "40/4500+30:900+30"]

1. e4 c5 2. Nf3 e6 3. d4 cxd4 4. Nxd4 Nf6 5. Nc3 Nc6 6. Ndb5 d6 7. Bf4 e5 8. Bg5 a6 9. Na3 b5 10. Nd5 Be7 11. Bxf6 Bxf6 12. c3 O-O 13. Nc2 Bg5 14. h4 Bh6 15. g4 Bf4 16. Bd3 {[%emt 0:00:00] B33: Sicilian: Pelikan and Sveshnikov Variations.} (16. Qf3 $14 {is superior.}) 16... Be6 $11 17. Nce3 Bxe3 18. Nxe3 {[%emt 0:00:00] Black is slightly better.} Ne7 {[%emt 0:02:35][%cal Bc6e7,Be7g6,Bg6f4][%mdl 32] [#]} 19. Qf3 $146 ({Predecessor:} 19. h5 d5 20. Nf5 Bxf5 21. gxf5 Qd6 22. Qd2 dxe4 23. Bxe4 Qxd2+ 24. Kxd2 Rad8+ 25. Ke2 Rd6 26. Rad1 {0-1 (60) Putzbach,G (2268)-Bokelbrink,U (2281) Pinneberg 2005}) 19... Ng6 20. g5 (20. Ng2 $15) 20... Nf4 21. Nd5 (21. Ng2 $142) 21... Bxd5 $17 22. exd5 f5 23. gxf6 (23. O-O-O $17 {was necessary.}) 23... Qxf6 24. Be4 Rfc8 {[%emt 0:01:56] Black is more active.} 25. Kd2 a5 26. a3 ({White should try} 26. Rac1) 26... Ra7 27. Rhc1 (27. h5 $17 {keeps fighting.}) 27... a4 (27... Qxh4 28. Rh1 Qf6 29. Rxh7 $16) ({Black should play} 27... g6 $19 28. Rh1 Rac7) 28. Rg1 (28. Rh1 $15) 28... Rc5 (28... Qxh4 29. Rh1 Qf6 30. Rxh7 $14) 29. Kc2 Rf7 (29... Qxh4 30. Rh1 Qf6 31. Rxh7 $16) 30. Rg5 {[%emt 0:20:46] Black keeps a firm grip on the game.} h6 31. Rf5 (31. Rg3 $17) 31... Qxh4 $19 (31... Qe7 32. Rxf7 Qxf7 33. Rd1 $15) 32. Rh1 Qe7 33. Qg4 Rxf5 {[%emt 0:09:13] Dancing on a razor blade.} ({Don't play} 33... Nxd5 34. Rxh6 Rxf5 35. Bxf5 $14) 34. Bxf5 Qf6 ({Much less strong is} 34... Rxd5 35. Rxh6 Rc5 36. Bh7+ Kf8 37. Qf5+ Ke8 38. Bg6+ Nxg6 39. Qxg6+ Qf7 40. Qxf7+ Kxf7 41. Rxd6 $14) (34... Nxd5 $2 35. Be6+ (35. Rxh6 Nf4 $14) 35... Kh7 36. Bxd5 $18) 35. Be6+ (35. Be4 $142) 35... Kh8 36. Rd1 (36. Bf5 $142) 36... g6 37. Rd2 Kg7 38. Bc8 Rc7 {[%emt 0:01:38] [#] White must now prevent ...h5.} 39. Ba6 h5 40. Qg1 (40. Qg3 $142 Qf5+ 41. Kc1) 40... Qf5+ 41. Kc1 Qd7 (41... Nd3+ $142 42. Kd1 Nc5) 42. Qf1 Rc5 43. c4 Rxc4+ 44. Rc2 Rxc2+ 45. Kxc2 {[%emt 0:00:00][%mdl 4096] Endgame KQB-KQN} Qf5+ 46. Kd2 Nxd5 {[%emt 0:00:29] [#] Threatens to win with ...Qf4+.} 47. Bxb5 Qf4+ 48. Kd1 h4 {[%emt 0:03:02][%cal Bh5h4,Bh4h3][%mdl 32] aiming for ...Qf3+.} 49. Qd3 {[%emt 0:00:00] Inhibits Qf3+.} Qg4+ 50. Kd2 (50. Ke1 $142 Qg2 51. Bc6) 50... Nf6 {[%emt 0:00:20] Hoping for ...h3.} 51. Bc6 d5 {[%emt 0:00:52] And now ...h3 would win.} 52. f3 Qg2+ 53. Qe2 h3 {[%emt 0:00:11] Weighted Error Value: White=0.92/Black=0.37} 0-1

[Event "GER-ch Youth-U16 2022"]
[Site "Willingen"]
[Date "2022.06.08"]
[Round "5.12"]
[White "Kort, Felix"]
[Black "Gluma, Christian"]
[Result "1-0"]
[ECO "D31"]
[WhiteElo "1894"]
[BlackElo "2012"]
[Annotator "TA"]
[PlyCount "89"]
[EventDate "2022.06.05"]
[EventType "swiss"]
[EventRounds "9"]
[EventCountry "GER"]
[SourceTitle "playchess.com"]
[Source "ChessBase"]
[SourceQuality "1"]
[TimeControl "40/4500+30:900+30"]

1. d4 d5 2. c4 e6 3. Nc3 Be7 4. cxd5 exd5 5. Qc2 c5 6. dxc5 {[%emt 0:01:51] [#] D31: Queen's Gambit Declined: Semi-Slav without ...Nf6 (+ Marshall Gambit and Noteboom) and Exchange Variation lines without ...Nf6.} d4 $146 ({Predecessor:} 6... Nc6 7. Bf4 Be6 8. e3 Bxc5 9. O-O-O Rc8 10. Kb1 Nge7 11. Bd3 a6 12. a3 h6 {0-1 (23) Rindlisbacher,J (2081)-Prasanna Raghuram,R (2310) Kemer 2009}) 7. Ne4 Nc6 8. Nf3 {[%emt 0:18:18] White has an edge.} Qd5 (8... Nf6 $11) 9. Nd6+ (9. e3 $1 $16) 9... Bxd6 $11 10. cxd6 Bf5 11. Qa4 Nf6 {[%emt 0:08:07] Threatening ...0-0.} 12. Bf4 O-O 13. Rd1 b5 (13... d3 $11) 14. Qb3 $16 Qc5 ({Black should try} 14... Qxb3 15. axb3 d3) 15. Rc1 (15. e3 $16) 15... Qb6 $11 16. e3 (16. g3 $14 {was preferrable.}) 16... Qa5+ 17. Kd1 {[%emt 0:01:26] [#]} Be6 (17... Ne4 $1 $11 {keeps the balance.} 18. Bg3 (18. Rxc6 Nxf2+ 19. Ke2 Nxh1 $15) 18... Rac8 19. Qxb5 dxe3) 18. Qa3 $36 {[%emt 0:01:45][%mdl 2048] Keeping Black busy.} Qb6 19. Qc5 Qa5 {[%emt 0:00:48][%cal Of6e4] And now ...Ne4! would win.} 20. Qa3 (20. Bxb5 Nb4 $16) ({Better is} 20. Qxb5 $16 Ne4 21. Qxa5 (21. Rxc6 Qxa2 22. Nxd4 Rab8 $11) (21. Qxc6 Nxf2+ 22. Ke2 Nxh1 $17) 21... Nxa5 22. Rc2 dxe3 23. fxe3) 20... Qb6 $14 21. Qc5 (21. Bd3 $14) 21... Qa5 $1 $16 {[%emt 0:02:36][%cal Of6e4] White must now prevent ...Ne4! White stays focused until the end.} 22. Qxb5 Qxa2 {[%emt 0:01:04] [#]} (22... Ne4 $16 23. Qxa5 (23. Rxc6 Qxa2 24. Nxd4 Nxf2+ 25. Ke1 Nxh1 $11) (23. Qxc6 Nxf2+ 24. Ke2 Nxh1 $17) 23... Nxa5) 23. Bc4 $1 $18 ({Not} 23. Qxc6 $2 Rac8 24. Bd3 (24. Bc4 $2 Bxc4 25. Rxc4 Rxc6 $19) 24... Rxc6 25. Rxc6 dxe3 26. Bxe3 Qa4+ 27. Rc2 Bb3 $19) ({Weaker is} 23. Rxc6 Bb3+ 24. Ke2 Ba4 $19) (23. Nxd4 $2 Nxd4 24. exd4 Rab8 $19) (23. exd4 Na5 24. Qd3 Nb3 $19) 23... Bxc4 24. Qxc4 {[%emt 0:00:02] Really sharp!} Qxb2 (24... Qxc4 $142 25. Rxc4 Na5) 25. Qxc6 d3 (25... Ng4 $142) 26. Nd2 Ng4 27. Bg3 Qf6 28. Qf3 Qg6 29. h4 h5 30. Qe4 Qf6 31. Qf4 Qe6 32. Qc4 Qf5 33. Qe4 $2 (33. Rc3 $18) 33... Nxf2+ $2 (33... Qf6 $1 $11 {and Black is okay.} 34. Rf1 a5 35. Qxd3 a4) 34. Bxf2 Qxf2 35. Qf3 {[%emt 0:00:04] Prevents Qe2+.} Qxf3+ 36. Nxf3 Rfd8 37. Rc6 f6 $2 (37... Rab8 38. Kd2 Rb2+ 39. Kxd3 Rb6) 38. Kd2 {[%emt 0:00:07] White is clearly winning.} Rd7 39. Ra1 Rad8 40. Raa6 Kf7 41. Kxd3 Rb7 42. Nd4 Rdd7 43. Kc4 Rb1 44. Kd5 {[%emt 0:00:00] Intending Rc7 and mate.} Rbb7 {[%emt 0:00:00] Inhibits Rc7.} 45. Ne6 {[%emt 0:00:00] Weighted Error Value: White=0.28 (precise) /Black=0.41} 1-0

[Event "GER-ch Youth-U16 2022"]
[Site "Willingen"]
[Date "2022.06.08"]
[Round "5.13"]
[White "Bock, Marlon"]
[Black "Tovmasyan, Minas"]
[Result "1-0"]
[ECO "A46"]
[WhiteElo "1816"]
[BlackElo "1933"]
[Annotator "TA"]
[PlyCount "55"]
[EventDate "2022.06.05"]
[EventType "swiss"]
[EventRounds "9"]
[EventCountry "GER"]
[SourceTitle "playchess.com"]
[Source "ChessBase"]
[SourceQuality "1"]
[TimeControl "40/4500+30:900+30"]

1. d4 Nf6 2. Nf3 c5 3. e3 g6 4. b3 Bg7 5. Bb2 cxd4 6. exd4 d5 7. Bd3 O-O 8. O-O Nc6 9. a3 Nh5 {[%emt 0:00:00] D04: Colle System.} 10. Re1 Bg4 $1 11. Be2 Nf4 {[%emt 0:00:00] Black is slightly better.} 12. Nbd2 Qb6 ({Much worse is} 12... Nxe2+ $6 13. Rxe2 b6 14. a4 $11) 13. h3 Nxe2+ (13... Bf5 {is more complex.} 14. c3 e5 15. dxe5 Bxh3 16. Bf1 Bg4) 14. Rxe2 Bf5 15. Nf1 Be4 {[%emt 0:01:37] [#] aiming for ...Bxf3.} 16. Ne5 $146 ({Predecessor:} 16. N1h2 Rfd8 17. Ne5 Rac8 18. Nhf3 f6 19. Nxc6 Rxc6 20. Ne1 e5 21. c4 Bf5 22. c5 {0-1 (47) Heimrath,R (2179)-Schmidt,A (2054) Bayern 2009}) 16... Nxe5 17. dxe5 Rfd8 18. Ng3 (18. Bd4 $5 Qa6 19. Ng3 $14) 18... Bf5 19. Nxf5 gxf5 20. Qd3 Qg6 21. f4 a5 (21... e6 $14 {was preferrable.}) 22. Re3 a4 23. Rg3 Qe6 24. b4 Rac8 25. Bd4 Rc4 26. c3 Kh8 {[%emt 0:00:21] [#]} 27. Rf1 (27. Rg5 $1 $16) 27... Qd7 $2 {[%emt 0:02:47][%mdl 8192] [#]} (27... Bh6 $14) 28. Rxg7 $1 {[%emt 0:02:02][%mdl 512] Weighted Error Value: White=0.22 (precise) /Black=0.57} 1-0

[Event "GER-ch Youth-U16 2022"]
[Site "Willingen"]
[Date "2022.06.08"]
[Round "5.14"]
[White "Beyer, Lorenz"]
[Black "Guo, Philipp Ziming"]
[Result "1/2-1/2"]
[ECO "D02"]
[WhiteElo "1512"]
[BlackElo "1825"]
[Annotator "NA RC COMBH"]
[PlyCount "89"]
[EventDate "2022.06.05"]
[EventType "swiss"]
[EventRounds "9"]
[EventCountry "GER"]
[SourceTitle "playchess.com"]
[Source "ChessBase"]
[SourceQuality "1"]
[TimeControl "40/4500+30:900+30"]

1. d4 Nf6 2. Nf3 d5 3. Bf4 c5 4. e3 Nc6 5. c3 Qb6 6. b3 g6 7. Bd3 Bg7 8. O-O O-O 9. Nbd2 Nh5 10. Bg5 e5 11. dxe5 Nxe5 12. Nxe5 Bxe5 13. Rc1 f5 14. Be2 Ng7 (14... Bf6 $16 {was worth a try.} 15. h4 Bxg5 16. hxg5 Ng7) 15. Nf3 Qd6 16. Nxe5 Qxe5 17. Bf3 Be6 18. Bf4 Qf6 19. Bxd5 g5 20. Bxe6+ Nxe6 21. Bg3 f4 22. exf4 gxf4 23. Qg4+ Qg6 24. Qxg6+ hxg6 25. Bh4 g5 26. Rfe1 Rae8 27. Rxe6 Rxe6 28. Bxg5 Re2 29. a3 Rf5 30. h4 Ra2 31. a4 Rb2 32. b4 cxb4 33. cxb4 Rxb4 34. Rc8+ (34. Rc7 $17) 34... Kg7 35. Rc7+ Rf7 36. Rc8 Rxa4 37. Kh2 b5 38. g4 Ra2 39. Kg2 b4 40. Rb8 a5 41. Bd8 Ra3 $2 ({Better is} 41... f3+ $19 42. Kg3 Ra1) 42. h5 b3 43. g5 f3+ 44. Kg3 Ra1 $11 45. Bf6+ 1/2-1/2

[Event "GER-ch Youth-U16 2022"]
[Site "Willingen"]
[Date "2022.06.08"]
[Round "5.15"]
[White "Weidenhoefer, Max"]
[Black "Neuber, Pascal"]
[Result "0-1"]
[ECO "B12"]
[WhiteElo "1945"]
[BlackElo "1802"]
[Annotator "TA"]
[PlyCount "100"]
[EventDate "2022.06.05"]
[EventType "swiss"]
[EventRounds "9"]
[EventCountry "GER"]
[SourceTitle "playchess.com"]
[Source "ChessBase"]
[SourceQuality "1"]
[TimeControl "40/4500+30:900+30"]

1. e4 c6 2. d4 d5 3. e5 Bf5 4. c4 e6 5. Nc3 Nd7 6. h3 {[#] B12: Caro-Kann: Advance Variation.} dxc4 $146 ({Predecessor:} 6... Ne7 7. Nf3 a6 8. a3 dxc4 9. Bxc4 Nd5 10. Bg5 Be7 11. Bxe7 Qxe7 12. O-O O-O 13. Ne2 b5 {0-1 (42) Thavandiran,S (2420)-Tanaka,T (2113) Kingston 2022}) 7. Bxc4 c5 (7... Nb6 $11 8. Bb3 Ne7) 8. Nf3 $16 {[%emt 0:01:39] White is better.} cxd4 (8... a6 $142) 9. Nxd4 (9. Qxd4 $6 Bc5 10. Qd1 Ne7 $11) 9... Bg6 10. Bf4 (10. Be3 $1 $16) 10... Bc5 $1 $14 11. Nb3 (11. Ndb5 {looks sharper.} a6 12. Nd6+ Bxd6 13. Qxd6 Ne7 14. Rd1) 11... Bb4 12. O-O Bxc3 (12... Rc8 {is interesting.} 13. Bb5 Ne7 14. Be3 Nc6) 13. bxc3 Ne7 14. Nd4 O-O 15. Qf3 Nb6 16. Bb3 Ned5 17. Bg3 Rc8 {[%emt 0:05:01] Prevents c4.} 18. Ne2 (18. Rac1 $11 {keeps the balance.}) 18... Nc4 {[%emt 0:02:26] White must now prevent ...Nd2. Black is more active.} 19. Rfd1 {[%emt 0:01:01] Inhibits Nd2.} Qa5 20. Rac1 Rc5 21. Qg4 Ndb6 22. Qh4 Nxe5 23. Rd8 {[%emt 0:01:04] Rxf8+ would kill now.} Rc8 24. Rcd1 {[%emt 0:03:10] Hoping for Bxe5.} Nc6 25. Rxc8 Nxc8 26. Kf1 N8e7 27. Qg4 Nf5 28. Bf4 $2 {[%emt 0:00:35][%mdl 8192] [#]} (28. Bh2 $17 {is a better chance.}) 28... Rd8 $2 (28... Bh5 $1 $19 {[%cal Rh5g4][%mdl 512] has better winning chances.} 29. Bc7 (29. Qxh5 $2 Ne3+ 30. Bxe3 Qxh5 $19) (29. Qg5 h6) 29... Bxg4 30. Bxa5 Bxe2+ 31. Kxe2 Nxa5) 29. Rxd8+ $17 Qxd8 30. Qf3 Na5 31. Nc1 b6 32. g3 (32. Qd1 $17 Qc8 33. g4) 32... h6 $19 33. h4 h5 34. Bg5 (34. Ba4 {was worth a try.}) 34... Qc8 35. Kg2 Nd6 {[%emt 0:00:31] Strongly threatening ...Be4. Pair of Knights!} 36. Kh2 (36. Qd1 $142 Ne4 37. Qd8+ Qxd8 38. Bxd8) 36... Ne4 37. Ne2 Nxg5 38. hxg5 Qc6 (38... Nxb3 $19 39. axb3 Qc5) 39. Qe3 (39. Qxc6 $17 Nxc6 40. Nf4) 39... Qe4 40. Qd2 Nc6 41. Nf4 Ne5 {[%emt 0:00:00] ( -> ...Nf3+)} 42. Bd1 Kh7 43. Be2 {[%emt 0:00:00] [#]} (43. Qe2 $142) 43... Bf5 (43... Qf3 $3 $19 {[%mdl 512] is more deadly.} 44. Qe3 Ng4+ 45. Kg1 Qxe3 46. fxe3 Nxe3) 44. Ng2 $2 (44. Bxh5 $17 Qf3 45. Qb2 Ng4+ 46. Bxg4 Qxg4 47. g6+ Bxg6 48. Nxg6 Kxg6 49. Kg2) 44... Bg4 45. Bxg4 hxg4 {[%emt 0:00:01] KQN-KQN} ({Don't blunder} 45... Nxg4+ $2 46. Kg1 $19) 46. Nh4 Nf3+ 47. Nxf3 gxf3 ({Wrong is} 47... Qxf3 $2 48. Kg1 $19) 48. Kg1 $2 (48. Qf4 $19 Qf5 49. Qd2) 48... Qb1+ {[%emt 0:00:27] Black mates.} 49. Kh2 Qf1 50. g6+ fxg6 {[%emt 0:00:11] Weighted Error Value: White=0.61/Black=0.37} 0-1